 Dungeon Crawl Stone Soup version 0.22-a0-362-g535178c (webtiles) character file.

87815 mortelune the Fencer (level 15, 0/125 HPs)
             Began as a Demonspawn Abyssal Knight on Apr 17, 2018.
             Was a High Priest of Lugonu.
             Fell down a flight of stairs (1 damage)
             ... on level 1 of the Elven Halls on Apr 19, 2018.
             The game lasted 01:22:57 (32794 turns).

mortelune the Fencer (Demonspawn Abyssal Knight)   Turns: 32794, Time: 01:22:58

Health: 0/125      AC: 22    Str: 17    XL:     15   Next: 44%
Magic:  0/7        EV: 16    Int: 15    God:    Lugonu [*****.]
Gold:   2262       SH:  0    Dex: 16    Spells: 12/17 levels left

rFire    . . .     SeeInvis +   Z - +6 falchion "Voyh" {antimagic, *Rage +Fly rN+++ Stlth-}
rCold    + + .     Gourm    .   (no shield)
rNeg     + + +     Faith    .   U - +3 scale mail {rC+}
rPois    +         Spirit   +   X - +1 hat
rElec    .         Reflect  .   s - +0 cloak {rPois}
rCorr    .         Harm     .   S - +0 pair of gloves
MR       +....     Rnd*Rage +   (no boots)
Stlth    ..........             n - amulet of guardian spirit
HPRegen  0.30/turn              L - +3 ring of dexterity
MPRegen  0.10/turn              t - ring of see invisible

@: confused, berserk cooldown, slowed, very slow
A: antennae 2, iridescent scales 3, cold resistance 1, foul stench 1, spiny 1,
rot immunity
a: Depart the Abyss, Bend Space, Banish, Corrupt, Enter the Abyss, Renounce
Religion, Evoke Flight


You were on level 1 of the Elven Halls.
You worshipped Lugonu.
Lugonu was extremely pleased with you.
You were not hungry.

You visited 4 branches of the dungeon, and saw 23 of its levels.
You visited the Abyss 1 time.
You also visited: Ossuary and Ice Cave.

You collected 2438 gold pieces.
You spent 176 gold pieces at shops.

Inventory:

Hand Weapons
 a - a +4 great sword of protection
 b - a +2 longbow of freezing
 f - the +1 short sword of Departure {pierce, rElec}
   (You found it on level 9 of the Dungeon)

   It inflicts extra damage upon your enemies.
   It insulates you from electricity.
 i - a +0 triple sword of holy wrath
 Z - the +6 falchion "Voyh" (weapon) {antimagic, *Rage +Fly rN+++ Stlth-}
   (You bought it in a shop on level 2 of the Orcish Mines)

   It reduces the magical energy of the wielder, and disrupts the spells and
   magical abilities of those hit.
   Natural abilities and divine invocations are not affected.
   It renders you almost immune to negative energy.
   It lets you fly.
   It may make you go berserk in combat.
   It makes you less stealthy.
Missiles
 J - 151 arrows
Armour
 s - a +0 cloak of poison resistance (worn)
 G - a +0 shield of positive energy
 I - a +0 cloak
 S - a +0 pair of gloves (worn)
 U - a +3 scale mail of cold resistance (worn)
 X - a +1 hat (worn)
Jewellery
 n - an amulet of guardian spirit (around neck)
 t - a ring of see invisible (right hand)
 x - an uncursed ring of protection from magic
 y - an uncursed amulet of regeneration
 L - a +3 ring of dexterity (left hand)
 O - an uncursed ring of resist corrosion
 P - an uncursed ring of poison resistance
Wands
 e - a wand of clouds (5)
 m - a wand of iceblast (18)
 r - a wand of polymorph (14)
 N - a wand of acid (5)
 R - a wand of digging (13)
 T - a wand of paralysis (16)
 Y - a wand of flame (26)
Scrolls
 d - 11 scrolls of remove curse
 g - 7 scrolls of enchant weapon
 j - 5 scrolls of fear
 k - 3 scrolls of enchant armour
 l - 10 scrolls of teleportation
 o - 3 scrolls of noise
 u - 3 scrolls of immolation
 F - a scroll of fog
 H - a scroll of identify
 K - a scroll of magic mapping
Potions
 p - 5 potions of magic
 q - 6 potions of curing
 v - a potion of degeneration
 w - 3 potions of haste
 z - 4 potions of flight
 A - 4 potions of brilliance
 B - 7 potions of lignification
 C - 3 potions of resistance
 D - 2 potions of might
 E - 5 potions of mutation
 M - 2 potions of cancellation
 Q - a potion of ambrosia
 V - 4 potions of heal wounds
Miscellaneous
 h - a lamp of fire
Comestibles
 c - 28 rations


   Skills:
 + Level 13.7 Fighting
 - Level 15.0 Long Blades
 + Level 11.4 Armour
 + Level 9.4 Dodging
 + Level 1.8 Spellcasting
 + Level 2.1 Summonings
 - Level 10.6 Invocations


You had 12 spell levels left.
You knew the following spells:

 Your Spells              Type           Power        Failure   Level  Hunger
a - Summon Butterflies    Summ           #.......     26%         1    ##.....
b - Summon Lightning Spi  Summ/Air       #.......     98%         4    #####..


Dungeon Overview and Level Annotations

Branches:
Dungeon (14/15)            Temple (0/1) D:5            Lair (6/6) D:10
  Swamp (0/4) Lair:3       Spider (0/4) Lair:2        Slime (0/5) Lair:5
    Orc (2/2) D:11            Elf (1/3) Orc:2        Vaults (0/5) D:13

Altars:
Elyvilon
Fedhas
Makhleb
Ru
Trog
Vehumet
Zin
The Shining One

Shops:
D:4 =   Orc:2 ((*=   Elf:1 [

Annotations:
D:14 exclusion: orange crystal statue
Lair:1 corrupted
Lair:4 corrupted
Lair:5 exclusion: 2 oklob plants


Innate Abilities, Weirdness & Mutations

You have a pair of antennae on your head.
You are completely covered in iridescent scales. (AC +6)
Your flesh is cold resistant. (rC+)
You may emit foul miasma when damaged in melee.
You are partially covered in sharp spines.
You are immune to rotting.


Message History

The demonic crawler completely resists.
The bolt of negative energy hits you! You resist.
The ice beast hits you but does no damage.
The deep elf knight is struck by your spines.
The deep elf knight hits you but does no damage.
The deep elf mage is struck by your spines.
The deep elf mage hits you but does no damage.
You are electrocuted!
* * * LOW HITPOINT WARNING * * *
The deep elf mage looks sick.
The deep elf mage points at you and mumbles some strange words.
The bolt of negative energy hits the hell rat.
The hell rat completely resists.
The bolt of negative energy hits the demonic crawler.
The demonic crawler completely resists.
The bolt of negative energy hits you! You resist.
The deep elf mage casts a spell.
The deep elf mage blinks!
In your confused state, you trip and fall back down the stairs.
You die...

.###.#..#......
......§........
..#####).e###.. .
.......e...$.'. ..
#######...####. .#
### ##.e..## #. ..
##..r4r##
...###.##.eess..##
#....#..Y.@e...###
#......Y.....#
#............#
##............#
##≈.≈........#.#
#≈≈.≈≈..........
#≈≈∩≈≈.....#.###
#≈≈≈≈≈#........#
##≈≈≈#######.#.


You could see 2 demonic crawlers, a deep elf knight, 5 deep elf magi, a red
devil, 2 ice beasts and 2 hell rats.

Vanquished Creatures
  Gastronok (Lair:3)
  Kirke (D:13)
  The ghost of Totori the Fighter, a journeyman HuWn of Ashenzari (Orc:2)
  4 vault guards (D:12)
  A catoblepas (Lair:4)
  3 hydras
  2 death yaks (IceCv)
  A centaur warrior (D:14)
  15 two-headed ogres
  4 ogre magi (Orc:2)
  4 unseen horrors
  13 skeletal warriors
  A wizard (Lair:6)
  2 deep elf magi
  2 cyclopes (D:14)
  6 ugly things
  A manticore (D:13)
  5 black mambas
  Maurice (Orc:1)
  15 elephants
  Joseph (D:7)
  An ice statue (IceCv)
  A centaur skeleton (D:14)
  A gargoyle (D:12)
  Psyche (D:12)
  8 spiny frogs
  4 rime drakes
  5 komodo dragons
  A kobold demonologist (D:14)
  3 ice devils (Lair:6)
  2 trolls
  A hellwing (Lair:6)
  9 hippogriffs
  11 polar bears (IceCv)
  6 slime creatures
  4 blink frogs
  5 dream sheep (Lair:6)
  Prince Ribbit (D:9)
  A blink frog (shapeshifter) (D:13)
  Sigmund (D:5)
  A shadow (D:11)
  5 wyverns
  48 yaks
  A human (D:12)
  3 hogs (D:12)
  2 hungry ghosts
  Eustachio (D:5)
  2 steam dragons
  2 vampire mosquitoes (D:12)
  Edmund (D:5)
  An acid dragon (D:12)
  Duvessa (D:6)
  13 water moccasins
  8 porcupines
  3 hell hounds (Lair:6)
  10 orc warriors
  14 ice beasts
  A sky beast (D:6)
  2 black bears
  3 phantoms
  8 centaurs
  17 wolves (IceCv)
  29 ogres
  10 crocodiles
  2 big kobolds
  9 bullfrogs
  4 wyvern zombies
  Dowan (D:6)
  19 killer bees
  8 wights
  2 howler monkeys (D:9)
  5 crimson imps
  6 centaur zombies
  8 hounds
  A quasit (D:13)
  A bullfrog zombie (D:7)
  A bullfrog skeleton (D:12)
  12 orc priests
  A jelly (D:7)
  8 orc wizards
  5 iguanas
  15 worker ants
  A big kobold zombie (Ossuary)
  9 mummies
  A worker ant zombie (D:6)
  3 gnolls (Orc:1)
  2 howler monkey skeletons
  17 adders
  3 shadow imps
  An adder zombie (D:5)
  An adder skeleton (D:4)
  4 worms
  2 dart slugs
  8 leopard geckos
  32 orcs
  2 giant cockroaches
  6 goblins
  10 hobgoblins
  13 jackals
  4 quokkas
  2 ball pythons
  6 bats
  8 frilled lizards
  2 gnoll zombies (Ossuary)
  A goblin zombie (D:6)
  16 kobolds
  4 kobold zombies
  2 orc zombies (Ossuary)
  9 rats
613 creatures vanquished.

Vanquished Creatures (others)
  Rupert (Lair:4)
  A frost giant (IceCv)
  A hydra (Lair:6)
  A catoblepas (Lair:2)
  2 two-headed ogres (D:8)
  A lindwurm (Lair:4)
  5 elephants (Lair:4)
  A rime drake (Lair:3)
  A hippogriff (D:6)
  A yak (IceCv)
  A human (D:13)
  An orc warrior (D:6)
  A porcupine (Lair:4)
  2 electric eels (Lair:1)
  An orc wizard (D:11)
  A quokka (D:13)
  20 fungi
  48 plants
  2 starspawn tentacles (Lair:4)
  A withered plant (D:13)
93 creatures vanquished.

Grand Total: 706 creatures vanquished

Notes
Turn   | Place    | Note
-------+----------+-------------------------------------------
     0 | Abyss:1  | mortelune the Demonspawn Abyssal Knight began the quest for the Orb.
     0 | Abyss:1  | Reached XP level 1. HP: 18/18 MP: 2/2
    34 | D:1      | Escaped the Abyss
   186 | D:1      | Reached skill level 1 in Dodging
   243 | D:1      | Reached skill level 2 in Long Blades
   262 | D:1      | Reached * piety under Lugonu
   300 | D:1      | Gained mutation: You are partially covered in iridescent scales. (AC +2) [demonic ancestry]
   300 | D:1      | Reached XP level 2. HP: 22/24 MP: 3/3
   375 | D:1      | Upgraded the game from 0.22-a0-355-g201945f to 0.22-a0-362-g535178c
   791 | D:1      | Gained mutation: You are partially covered in sharp spines. [demonic ancestry]
   791 | D:1      | Reached XP level 3. HP: 21/29 MP: 4/4
   952 | D:2      | Found a bloodstained altar of Trog.
   956 | D:2      | Found a transporter.
   969 | D:2      | Found a transporter.
  1433 | D:2      | Reached skill level 3 in Long Blades
  1696 | D:2      | Gained mutation: You have a pair of small antennae on your head. [demonic ancestry]
  1696 | D:2      | Reached XP level 4. HP: 34/35 MP: 5/5
  1751 | D:3      | Reached ** piety under Lugonu
  2831 | D:4      | Gained mutation: You are immune to rotting. [demonic ancestry]
  2831 | D:4      | Reached XP level 5. HP: 40/42 MP: 4/7
  3195 | D:4      | Reached *** piety under Lugonu
  3237 | D:4      | Found Rich's Jewellery Shoppe.
  3284 | D:4      | Found a blossoming altar of Fedhas.
  3284 | D:4      | Found a sacrificial altar of Ru.
  3304 | D:4      | Found a radiant altar of Vehumet.
  3433 | D:4      | Noticed a centaur
  3447 | D:4      | Killed a centaur
  3447 | D:4      | Reached skill level 4 in Long Blades
  3447 | D:4      | Gained mutation: You may emit foul miasma when damaged in melee. [demonic ancestry]
  3447 | D:4      | Reached XP level 6. HP: 17/48 MP: 1/8
  3648 | D:4      | Found a sacrificial altar of Ru.
  3780 | D:5      | Entered Level 5 of the Dungeon
  3984 | D:5      | Noticed an ice beast
  4032 | D:4      | Found a glowing golden altar of the Shining One.
  4257 | D:5      | Noticed a water moccasin
  4266 | D:5      | Killed a water moccasin
  4280 | D:5      | Noticed Sigmund
  4296 | D:6      | Noticed a sky beast
  4304 | D:6      | Noticed an orc warrior
  4313 | D:6      | Killed a sky beast
  4313 | D:6      | Gained mutation: You are mostly covered in iridescent scales. (AC +4) [demonic ancestry]
  4313 | D:6      | Reached XP level 7. HP: 39/55 MP: 8/10
  4314 | D:6      | Reached skill level 5 in Long Blades
  4325 | D:6      | Found a sand-covered staircase.
  4352 | Ossuary  | Entered an ossuary
  5051 | D:6      | Reached skill level 5 in Fighting
  5051 | D:6      | Reached skill level 5 in Invocations
  5364 | D:6      | Noticed a hippogriff
  5368 | D:6      | Banished a hippogriff
  5368 | D:6      | Gained mutation: You are completely covered in iridescent scales. (AC +6) [demonic ancestry]
  5368 | D:6      | Reached XP level 8. HP: 61/62 MP: 11/11
  5430 | D:6      | Noticed Dowan
  5431 | D:6      | Noticed Duvessa
  5449 | D:6      | Killed Dowan
  5450 | D:6      | Killed Duvessa
  5450 | D:6      | Reached skill level 6 in Long Blades
  6347 | D:7      | Noticed a hippogriff
  6357 | D:7      | Killed a hippogriff
  6507 | D:7      | Reached skill level 7 in Long Blades
  6648 | D:7      | Reached XP level 9. HP: 66/69 MP: 12/14
  6734 | D:7      | Noticed Joseph
  6753 | D:7      | Killed Joseph
  6753 | D:7      | Reached skill level 5 in Dodging
  6828 | D:7      | Reached **** piety under Lugonu
  7198 | D:8      | Reached skill level 8 in Long Blades
  7337 | D:8      | Noticed a two-headed ogre
  7340 | D:8      | Banished a two-headed ogre
  7798 | D:8      | Noticed a two-headed ogre
  7801 | D:8      | Banished a two-headed ogre
  7801 | D:8      | Gained mutation: Your flesh is cold resistant. (rC+) [demonic ancestry]
  7801 | D:8      | Reached XP level 10. HP: 79/79 MP: 16/16
  8378 | D:9      | Reached skill level 9 in Long Blades
  8497 | D:9      | Noticed Prince Ribbit
  8502 | D:9      | Killed Prince Ribbit
  9208 | D:10     | Entered Level 10 of the Dungeon
  9392 | D:10     | Noticed an unseen horror
  9409 | D:10     | Killed an unseen horror
  9591 | D:10     | Found a staircase to the Lair.
 10250 | D:10     | Got a warped mace
 10251 | D:10     | Identified the +7 mace "Ceso Tei" {crush, Str+2} (You found it on level 10 of the Dungeon)
 10524 | D:5      | Noticed Eustachio
 10547 | D:5      | Killed Eustachio
 10657 | D:5      | Killed Sigmund
 10720 | D:5      | Noticed Edmund
 10744 | D:5      | Killed Edmund
 11072 | D:5      | Found a glowing silver altar of Zin.
 11153 | D:5      | Found a staircase to the Ecumenical Temple.
 11283 | D:2      | Reached skill level 10 in Long Blades
 11545 | D:11     | Noticed a two-headed ogre
 11546 | D:11     | Banished a two-headed ogre
 11593 | D:11     | Noticed a red ugly thing
 11603 | D:11     | Killed a red ugly thing
 11603 | D:11     | Reached XP level 11. HP: 50/87 MP: 10/18
 11767 | D:11     | Reached skill level 10 in Invocations
 12101 | D:11     | Noticed an unseen horror
 12103 | D:11     | Noticed a white ugly thing
 12121 | D:11     | Killed an unseen horror
 12122 | D:11     | Killed a white ugly thing
 12676 | D:11     | Found a staircase to the Orcish Mines.
 13164 | D:11     | Reached skill level 5 in Armour
 13329 | D:11     | Noticed an unseen horror
 13338 | D:11     | Killed an unseen horror
 13652 | Lair:1   | Entered Level 1 of the Lair of Beasts
 13728 | Lair:1   | Corrupted Lair:1
 13728 | Lair:1   | Noticed a green death
 13728 | Lair:1   | Noticed a thrashing horror
 13728 | Lair:1   | Noticed an eidolon
 13728 | Lair:1   | Noticed a large abomination
 13728 | Lair:1   | Noticed a sixfirhy
 13728 | Lair:1   | Noticed a tentacled starspawn
 13728 | Lair:1   | Noticed a tentacled starspawn
 13728 | Lair:1   | Noticed a tentacled starspawn
 13728 | Lair:1   | Noticed an unseen horror
 13729 | Lair:1   | Noticed a large abomination
 13730 | Lair:1   | Noticed a large abomination
 13731 | Lair:1   | Noticed a cacodemon
 13732 | Lair:1   | Noticed a lorocyproca
 13740 | Lair:1   | Noticed a tentacled starspawn
 14538 | Lair:2   | Noticed a catoblepas
 14543 | Lair:2   | Banished a catoblepas
 14543 | Lair:2   | Reached skill level 11 in Long Blades
 14646 | Lair:2   | Found a hole to the Spider Nest.
 15867 | Lair:2   | Gained mutation: You have a pair of antennae on your head. [demonic ancestry]
 15867 | Lair:2   | Reached XP level 12. HP: 88/96 MP: 17/19
 15921 | Lair:3   | Found a staircase to the Swamp.
 16594 | Lair:3   | Reached skill level 12 in Long Blades
 16595 | Lair:3   | Noticed Gastronok
 17005 | Lair:3   | Killed Gastronok
 17005 | Lair:3   | Reached skill level 10 in Fighting
 17451 | Lair:4   | Noticed a catoblepas
 17476 | Lair:4   | Killed a catoblepas
 17859 | Lair:4   | Noticed Rupert
 17861 | Lair:4   | Corrupted Lair:4
 17861 | Lair:4   | Noticed a tentacled starspawn
 17861 | Lair:4   | Noticed a starcursed mass
 17861 | Lair:4   | Noticed a green death
 17861 | Lair:4   | Noticed a green death
 17861 | Lair:4   | Noticed a starcursed mass
 17861 | Lair:4   | Noticed a bone dragon
 17862 | Lair:4   | Noticed a green draconian
 17863 | Lair:4   | Noticed a starcursed mass
 17867 | Lair:4   | Killed Rupert
 17972 | Lair:4   | Noticed a starcursed mass
 17984 | Lair:4   | Noticed a great orb of eyes
 18946 | Lair:5   | Found a staircase to the Slime Pits.
 18993 | Lair:5   | Found a frozen archway.
 19020 | IceCv    | Entered an ice cave
 19342 | IceCv    | Reached skill level 13 in Long Blades
 19591 | IceCv    | Reached XP level 13. HP: 65/105 MP: 15/20
 19978 | IceCv    | Noticed a frost giant
 19988 | IceCv    | Banished a frost giant
 20040 | IceCv    | Identified Reukeuje's Grimoire of Icy Dislocation
 20424 | Lair:5   | Found a glowing golden altar of the Shining One.
 20601 | D:9      | Got an ivory short sword
 20602 | D:9      | Identified the cursed +1 short sword of Departure {pierce, rElec} (You found it on level 9 of the Dungeon)
 21227 | Lair:5   | Reached skill level 14 in Long Blades
 22413 | Lair:6   | Entered Level 6 of the Lair of Beasts
 23635 | Lair:6   | Reached XP level 14. HP: 78/114 MP: 14/21
 23765 | Lair:6   | Found a burning altar of Makhleb.
 25604 | D:12     | Noticed Psyche
 25628 | D:12     | Killed Psyche
 25631 | D:12     | Found a sacrificial altar of Ru.
 26464 | D:12     | Reached skill level 15 in Long Blades
 26700 | D:13     | Found a gate to the Vaults.
 26978 | D:12     | Reached skill level 10 in Armour
 27122 | D:12     | Reached ***** piety under Lugonu
 27500 | D:13     | Found a white marble altar of Elyvilon.
 28466 | D:13     | Noticed Kirke
 28473 | D:13     | Killed Kirke
 30317 | D:14     | Reached XP level 15. HP: 124/124 MP: 22/22
 30477 | Orc:1    | Entered Level 1 of the Orcish Mines
 30485 | Orc:1    | Noticed Maurice
 30493 | Orc:1    | Found a radiant altar of Vehumet.
 30499 | Orc:1    | Killed Maurice
 30521 | Orc:1    | Found a burning altar of Makhleb.
 30749 | Orc:2    | Entered Level 2 of the Orcish Mines
 31140 | Orc:1    | Noticed an orc warlord
 31394 | Orc:2    | Noticed Totori's ghost (journeyman HuWn)
 31421 | Orc:2    | Killed Totori's ghost
 31447 | Orc:2    | HP: 5/124 [two-headed ogre/giant club (9)]
 31764 | Orc:2    | Identified a scroll of acquirement
 31923 | Orc:2    | Learned a level 1 spell: Summon Butterflies
 31928 | Orc:2    | Learned a level 4 spell: Summon Lightning Spire
 32147 | Orc:2    | Reached skill level 1 in Summonings
 32153 | Orc:2    | Reached skill level 1 in Spellcasting
 32460 | Orc:2    | Found Doydyc's General Store.
 32460 | Orc:2    | Found Eqado's Jewellery Shoppe.
 32461 | Orc:2    | Found Wicau's Antique Weapon Emporium.
 32461 | Orc:2    | Found Muosoh's Weapon Shop.
 32489 | Orc:2    | Bought an iridescent falchion for 176 gold pieces
 32489 | Orc:2    | Identified the +6 falchion "Voyh" {antimagic, *Rage +Fly rN+++ Stlth-} (You bought it in a shop on level 2 of the Orcish Mines)
 32731 | Orc:2    | Found a staircase to the Elven Halls.
 32750 | Elf:1    | Entered Level 1 of the Elven Halls
 32750 | Elf:1    | Found Potouc's Armour Shop.
 32793 | Elf:1    | HP: 1/125 [deep elf mage/long sword of electrocution (11)]
 32794 | Elf:1    | Fell down a flight of stairs

Vault maps used:
D:1:      saegor_arrival_miasma, minmay_ruptured
D:2:      gammafunk_temple_overflow_arena, first_ration, grunt_ministairs_9,
          minmay_misc_feat_hallway
D:3:      serial_bayou_lake_a
D:4:      lemuel_upstairs_altar, kennysheep_little_box,
          gammafunk_temple_overflow_elements, serial_shops, shop_fountains,
          minmay_misc_feat_cross, minmay_item_behind_shaft,
          nicolae_ru_awakened_eye
D:5:      zin_academy, minmay_temple_entry_enclosed_plants, uniq_sigmund,
          uniq_eustachio, uniq_edmund
D:6:      nicolae_ossuary_entry_giza, mrwooster_statue_mirror,
          nrook_mini_backslash, uniq_duvessa
D:7:      uniq_joseph
D:9:      uniq_prince_ribbit1
D:10:     david_lair_shrubbed
D:11:     orc_0_dummy
D:12:     grunt_livestock, david_defended_altar_elf, uniq_psyche
D:13:     lightli_vaults_fourway_checkpoint, serial_undead, serial_undead_e,
          serial_undead_c, serial_undead_f, serial_undead_c, serial_undead_d,
          serial_undead_c, serial_undead_f, elyvilon_altar_4, uniq_kirke
D:14:     minivault_16
Lair:1:   serial_bayou_shore_a, infiniplex_staircase_pool_2
Lair:2:   spider_nest_entry_web_field, serial_bayou_pond_c, st_stairs_9,
          serial_bayou_pond_e, lemuel_fruit_fields
Lair:3:   swamp_mist, st_stairs_4, infiniplex_staircase_pool, uniq_gastronok
Lair:4:   beast_lair_carwin_large_2, minmay_stone_trees_small, uniq_rupert
Lair:5:   dpeg_oklob_gauntlet, minmay_slime_entry_oklob_open,
          portal_ice_cave_entry_ice_beasts, basic_altar
Lair:6:   evil_forest, minivault_26, hangedman_lair_unloving_vines,
          lemuel_fruit_tree, serial_bayou_shore_b
Orc:1:    basic_altar, bloody_makhleb, uniq_maurice
Orc:2:    st_orc_ogre_mass
Elf:1:    serial_shops, nicolae_shop_waterfront, minmay_elf_sorcery,
          minmay_shop_grid_forest
Abyss:1:  hangedman_abyss_feature_spike
Ossuary:  ossuary_tomb_3
IceCv:    ice_cave_caverns_02

Skill      XL: |  1  2  3  4  5  6  7  8  9 10 11 12 13 14 15 |
---------------+----------------------------------------------+-----
Dodging        | 1 2 3 4 5 6 8 9 |  9.4
Long Blades    | 2 3 4 5 7 8 10 11 13 14 15 | 15.0
Invocations    | 3 4 5 6 8 9 10 | 10.6
Fighting       | 4 5 6 7 8 9 10 11 13 | 13.7
Armour         | 2 4 6 8 9 10 11 | 11.4
Summonings     | 2 |  2.1
Spellcasting   | 1 |  1.8

Action                   |  1- 3 |  4- 6 |  7- 9 | 10-12 | 13-15 || total
-------------------------+-------+-------+-------+-------+-------++-------
Melee: Falchion          |   102 |   129 |   266 |   548 |    11 ||  1056
       Scimitar          |       |       |    40 |    80 |       ||   120
       Mace              |       |       |       |     5 |    16 ||    21
       Great sword       |       |       |       |   117 |   821 ||   938
 Fire: Blowgun           |       |       |       |    19 |       ||    19
       Longbow           |       |       |       |       |     5 ||     5
Invok: Depart the Abyss  |     1 |       |       |       |       ||     1
       Bend Space        |       |     2 |       |       |       ||     2
       Banish            |       |     1 |     3 |     5 |    14 ||    23
       Corrupt           |       |       |       |     2 |       ||     2
Evoke: Wand              |       |       |       |     1 |     3 ||     4
  Use: Scroll            |       |    11 |     3 |    10 |    17 ||    41
       Potion            |       |       |     4 |     5 |    15 ||    24
  Eat: Chunk             |     3 |     8 |     9 |    27 |    32 ||    79
       Ration            |       |       |     1 |     4 |     5 ||    10
Armor: Leather armour    |     9 |       |       |       |       ||     9
       Ring mail         |    42 |    60 |    23 |    52 |       ||   177
       Scale mail        |       |       |    92 |   218 |   526 ||   836
       Chain mail        |       |       |    11 |    79 |       ||    90
       Steam dragon scal |       |       |       |     3 |       ||     3
Dodge: Dodged            |    64 |    78 |   133 |   371 |   709 ||  1355
       Rpst.: Falchion   |    22 |    26 |    33 |    75 |       ||   156
       Scimitar          |       |       |     5 |    10 |       ||    15
       Great sword       |       |       |       |    23 |   178 ||   201

Table legend:
 A = Spawn XP
 B = Non-spawn XP
 C = Spawn XP percentage of total XP
 D = Spawn monster count
 E = Non-spawn monster count
 F = Spawn count percentage of total count
 G = Total turns spent on level
                    A         B        C        D         E        F      G
               +---------+---------+-------+---------+---------+-------+---------
         Total |       0 |  125451 |   0.0 |       0 |     626 |   0.0 | 32794
               +---------+---------+-------+---------+---------+-------+---------
           D:1 |       0 |      42 |   0.0 |       0 |      25 |   0.0 |   910
           D:2 |       0 |     108 |   0.0 |       0 |      20 |   0.0 |   890
           D:3 |       0 |      84 |   0.0 |       0 |      26 |   0.0 |  1088
           D:4 |       0 |     260 |   0.0 |       0 |      16 |   0.0 |  1138
           D:5 |       0 |    1085 |   0.0 |       0 |      15 |   0.0 |  1230
           D:6 |       0 |     900 |   0.0 |       0 |      21 |   0.0 |   872
           D:7 |       0 |    2028 |   0.0 |       0 |      35 |   0.0 |  1316
           D:8 |       0 |    2058 |   0.0 |       0 |      19 |   0.0 |  1145
           D:9 |       0 |    1029 |   0.0 |       0 |      18 |   0.0 |  1317
          D:10 |       0 |    2572 |   0.0 |       0 |      19 |   0.0 |  1590
          D:11 |       0 |    5275 |   0.0 |       0 |      25 |   0.0 |  2322
          D:12 |       0 |   15053 |   0.0 |       0 |      44 |   0.0 |  2065
          D:13 |       0 |   12649 |   0.0 |       0 |      39 |   0.0 |  1619
          D:14 |       0 |    8691 |   0.0 |       0 |      29 |   0.0 |  1173
        Lair:1 |       0 |    1083 |   0.0 |       0 |       7 |   0.0 |  1163
        Lair:2 |       0 |    4403 |   0.0 |       0 |      20 |   0.0 |  1384
        Lair:3 |       0 |    5569 |   0.0 |       0 |      18 |   0.0 |  1269
        Lair:4 |       0 |    5173 |   0.0 |       0 |      18 |   0.0 |  1761
        Lair:5 |       0 |    7751 |   0.0 |       0 |      30 |   0.0 |  1617
        Lair:6 |       0 |   15228 |   0.0 |       0 |      47 |   0.0 |  2607
         Orc:1 |       0 |    2383 |   0.0 |       0 |      17 |   0.0 |   462
         Orc:2 |       0 |   19362 |   0.0 |       0 |      50 |   0.0 |  1811
         Elf:1 |       0 |     574 |   0.0 |       0 |       1 |   0.0 |    44
       Ossuary |       0 |     181 |   0.0 |       0 |      16 |   0.0 |   639
         IceCv |       0 |   11910 |   0.0 |       0 |      51 |   0.0 |  1328
               +---------+---------+-------+---------+---------+-------+---------
